 Dungeon Crawl Stone Soup version 0.31-a0-569-g7ea453304b (webtiles) character file.

Game seed: 6618193542856086547

914 Ijustatesigmund the Stinger (level 8, 0/48 HPs)
             Began as an Octopode Venom Mage on Aug 18, 2023.
             Was a Follower of Cheibriados.
             Slain by an ice beast (1 damage)
             ... on level 5 of the Dungeon.
             The game lasted 00:08:19 (4786 turns).

Ijustatesigmund the Stinger (Octopode Venom Mage)   Turns: 4786, Time: 00:08:21

Health: 0/48       AC:  1    Str: 10    XL:     8   Next: 9%
Magic:  23/23      EV: 13    Int: 21    God:    Cheibriados [*.....]
Gold:   173        SH:  0    Dex: 14    Spells: 5/15 levels left

rFire   . . .        b - +0 trident
rCold   + . .        (no shield)
rNeg    . . .        (helmet restricted)
rPois   .            e - amulet of the acrobat
rElec   .            f - ring of protection from cold
rCorr   .            n - ring of magical power
SInv    .            (no ring)
Will    +....        (no ring)
Stlth   +++          (no ring)
HPRegen 0.28/turn    (no ring)
MPRegen 0.18/turn    (no ring)
                     (no ring)

%: acrobat
@: very slow
A: almost no armour, amphibious, 8 rings, camouflage 1, gelatinous body 1,
(nimble swimmer 1), tentacles, strong-willed 1, wild magic 1
a: Renounce Religion, Bend Time


You were on level 5 of the Dungeon.
You worshipped Cheibriados.
Cheibriados was aware of your devotion.
You visited 1 branch of the dungeon, and saw 5 of its levels.

You collected 173 gold pieces.

Inventory:

Hand Weapons
 b - a +0 trident (weapon)
Jewellery
 d - a ring of flight
 e - an amulet of the acrobat (around mantle)
 f - a ring of protection from cold (left tentacle)
 n - a ring of magical power (right tentacle)
Scrolls
 h - 3 scrolls of identify
Potions
 a - a potion of magic


   Skills:
 + Level 1.3 Fighting
 + Level 2.1 Dodging
 - Level 2.6 Stealth
 + Level 4.2 Spellcasting
 + Level 3.6 Conjurations
 - Level 1.0 Transmutations
 + Level 3.6 Air Magic
 + Level 6.0 Poison Magic
 + Level 3.5 Invocations


You had 5 spell levels left.
You knew the following spells:

 Your Spells              Type           Power      Damage    Failure   Level
a - Sting                 Tmut/Pois      100%       1d8       4%          1
b - Poisonous Vapours     Pois/Air       64%        N/A       4%          2
c - Mephitic Cloud        Conj/Pois/Air  29%        N/A       10%         3
d - Olgreb's Toxic Radia  Pois           38%        N/A       14%         4

Your spell library contained the following spells:

 Spells                   Type           Power      Damage    Failure   Level
 Apportation              Tloc           10%        N/A       17%         1
 Necrotise                Necr           20%        1d5       17%         1
 Summon Small Mammal      Summ           20%        N/A       17%         1


Dungeon Overview and Level Annotations

Branches:
Dungeon (5/15)
 Temple: D:4-7

Altars:
Ashenzari
Cheibriados
Elyvilon
Fedhas
Gozag
Hepliaklqana
Kikubaaqudgha
Makhleb
Nemelex Xobeh
Okawaru
Qazlal
Ru
Sif Muna
Uskayaw
Vehumet
Xom
Yredelemnul
Zin
The Shining One


Innate Abilities, Weirdness & Mutations

You cannot wear most types of armour.
You are amphibious.
You can wear up to eight rings at the same time.
Your skin changes colour to match your surroundings (Stealth+).
Your rubbery body absorbs attacks. (AC +1, EV +1)
((You are camouflaged when in or above water. (Stealth+)))
You have tentacles for arms and can constrict up to eight enemies at once.
You are strong-willed. (Will+)
Your spells are a little harder to cast, but a little more powerful.


Message History

You are too injured to fight recklessly!
You are too injured to fight recklessly!
You are too injured to fight recklessly!
You are too injured to fight recklessly!
You are too injured to fight recklessly!
You are too injured to fight recklessly!
It was a potion of mutation.
You feel extremely strange.
You feel strong-willed.
You feel less in control of your magic. The ice beast hits you.
The ice beast freezes you. You resist.
You hit the ice beast.
The ice beast is moderately wounded.
The ice beast hits you. The ice beast freezes you. You resist.
* * * LOW HITPOINT WARNING * * *
You closely miss the ice beast. You squeeze the ice beast.
The ice beast is heavily wounded.
The ice beast barely misses you.
Okay, then.
You closely miss the ice beast.
The ice beast is heavily wounded.
The ice beast barely misses you. The ice beast closely misses you.
You barely miss the ice beast.
The ice beast is heavily wounded.
The ice beast hits you but does no damage.
You barely miss the ice beast.
The ice beast is heavily wounded.
The ice beast hits you.
* * * LOW HITPOINT WARNING * * *
The ice beast freezes you. You resist.
* * * LOW HITPOINT WARNING * * *
You aren't carrying any items that you can evoke.
Unknown command.
Okay, then.
You hit the ice beast but do no damage.
The ice beast is heavily wounded.
The ice beast hits you.
* * * LOW HITPOINT WARNING * * *
The ice beast freezes you. You resist.
* * * LOW HITPOINT WARNING * * *
The ice beast hits you.
You die...

..........#
#########.####
###########.....##
#.................
#:#########.......
#.# #...<.#. #.#
#.....#. #.#
##....#. #@#
#.##.#. #Y#
#.##.#. #.#
#.##.#. #.. # #.#.
..# .# ... ≈≈≈
≈≈≈≈


You could see an ice beast.

Vanquished Creatures
  Sigmund (D:4)
  Duvessa (D:4)
  A black bear (D:4)
  An ice beast (D:4)
  An ogre (D:4)
  A phantom (D:4)
  Dowan (D:4)
  2 hounds (D:4)
  A jelly (D:4)
  7 adders
  2 worms
  4 dart slugs
  2 bats (D:2)
  5 endoplasms
  3 giant cockroaches
  6 goblins
  7 hobgoblins
  5 jackals
  3 quokkas
  8 ball pythons
  3 frilled lizards
  8 kobolds
  3 rats
76 creatures vanquished.

Notes
Turn   | Place    | Note
-------+----------+-------------------------------------------
     0 | D:1      | Ijustatesigmund the Octopode Venom Mage began the quest for
                  | the Orb.
     0 | D:1      | Reached XP level 1. HP: 11/11 MP: 3/3
    82 | D:1      | You fall into a shaft and drop 1 floor!
    95 | D:1      | Reached XP level 2. HP: 10/18 MP: 3/5
   260 | D:1      | Learned a level 2 spell: Poisonous Vapours
   322 | D:1      | Reached skill level 1 in Fighting
   521 | D:1      | Reached skill level 4 in Poison Magic
   881 | D:2      | Reached XP level 3. HP: 23/23 MP: 1/6
   885 | D:2      | Learned a level 3 spell: Mephitic Cloud
  1140 | D:2      | Found a faded altar of an unknown god.
  1797 | D:3      | Reached skill level 1 in Air Magic
  1797 | D:3      | Reached XP level 4. HP: 24/28 MP: 6/8
  1823 | D:3      | Reached skill level 1 in Conjurations
  2286 | D:3      | Found a blossoming altar of Fedhas.
  2287 | D:3      | Found a sacrificial altar of Ru.
  2289 | D:3      | Found an iron altar of Okawaru.
  2293 | D:3      | Found a burning altar of Makhleb.
  2355 | D:3      | Found an opulent altar of Gozag.
  2355 | D:3      | Found a stormy altar of Qazlal.
  2355 | D:3      | Found an ancient bone altar of Kikubaaqudgha.
  2356 | D:3      | Found a snail-covered altar of Cheibriados.
  2356 | D:3      | Found a radiant altar of Vehumet.
  2357 | D:3      | Found a shimmering blue altar of Sif Muna.
  2360 | D:3      | Became a worshipper of Cheibriados the Contemplative
  2362 | D:3      | Found a sparkling altar of Nemelex Xobeh.
  2364 | D:3      | Found a shimmering altar of Xom.
  2469 | D:3      | Found a glowing golden altar of the Shining One.
  2470 | D:3      | Found a glowing silver altar of Zin.
  2472 | D:3      | Found a white marble altar of Elyvilon.
  2503 | D:3      | Found a hazy altar of Hepliaklqana.
  2556 | D:3      | Found a hide-covered altar of Uskayaw.
  2592 | D:4      | Noticed Dowan
  2593 | D:4      | Noticed Duvessa
  2901 | D:4      | Reached XP level 5. HP: 28/33 MP: 9/9
  2970 | D:4      | Noticed an ice beast
  3004 | D:4      | Killed an ice beast
  3005 | D:4      | Reached skill level 1 in Invocations
  3005 | D:4      | Reached XP level 6. HP: 9/38 MP: 10/10
  3181 | D:4      | Reached skill level 5 in Poison Magic
  3535 | D:4      | Killed Duvessa
  3880 | D:4      | Noticed Sigmund
  3895 | D:4      | Killed Sigmund
  3896 | D:4      | Reached XP level 7. HP: 43/43 MP: 12/12
  4144 | D:4      | Learned a level 4 spell: Olgreb's Toxic Radiance
  4201 | D:4      | Reached * piety under Cheibriados
  4361 | D:4      | Killed Dowan
  4362 | D:4      | Reached skill level 6 in Poison Magic
  4362 | D:4      | Reached XP level 8. HP: 48/48 MP: 13/14
  4425 | D:4      | Found a broken altar of Ashenzari.
  4579 | D:4      | Found a basalt altar of Yredelemnul.
  4748 | D:5      | Entered Level 5 of the Dungeon
  4780 | D:5      | Gained mutation: You are strong-willed. (Will+) [potion of
                  | mutation]
  4780 | D:5      | Gained mutation: Your spells are a little harder to cast,
                  | but a little more powerful. [potion of mutation]
  4786 | D:5      | HP: 1/48 [ice beast (3)]
  4786 | D:5      | Slain by an ice beast

Illustrated notes

Levels and vault maps discovered:
D:1:      psy_arrival_wood_between_worlds, layout_rooms, grunt_decor_clamped
D:2:      layout_loops_cross, hellmonk_ecumenical_altar_inner_sanctum,
          serial_forest, infiniplex_forest_pool, infiniplex_forest_clump_curved,
          infiniplex_forest_lined_4_way, infiniplex_forest_clump_diagonal,
          infiniplex_forest_lined_ring, infiniplex_forest_clump_curved,
          infiniplex_forest_end_3, infiniplex_forest_zigzag_1
D:3:      layout_rooms, good_gods_temple_1, nicolae_uskayaw_suspiria,
          minitemple, nzn_hepliaklqana_mist_gate
D:4:      layout_rooms, yredelemnul_altar_generic,
          ashenzari_conservatory_becter, uniq_duvessa, uniq_sigmund
D:5:      layout_loops_ring, lemuel_doored_altar, temple_pool_b,
          corexii_checkpoint_b

Skill      XL: |  1  2  3  4  5  6  7 |
---------------+----------------------+-----
Fighting       | 1 |  1.3
Poison Magic   | 4 5 6 |  6.0
Air Magic      | 1 2 3 |  3.6
Conjurations   | 1 2 3 |  3.6
Spellcasting   | 3 4 |  4.2
Invocations    | 1 2 3 |  3.5
Dodging        | |  2.1
Stealth        | |  2.6
Transmutations | |  1.0

Action                     |  1- 3 |  4- 6 |  7- 9 || total
---------------------------+-------+-------+-------++-------
  Melee: Unarmed           |    17 |       |       ||    17
         Tentacles         |    14 |    14 |     9 ||    37
         Constrict         |    13 |    18 |     5 ||    36
         Trident           |    44 |    90 |    47 ||   181
         Punch             |     1 |       |       ||     1
   Cast: Sting             |     6 |     6 |     1 ||    13
         Poisonous Vapours |    16 |    28 |     2 ||    46
         Mephitic Cloud    |       |     1 |     2 ||     3
         Olgreb's Toxic Ra |       |       |     2 ||     2
    Use: Scroll            |     1 |     5 |       ||     6
         Potion            |     1 |     4 |     2 ||     7
   Stab: Sleeping          |     7 |       |     3 ||    10
         Confused          |       |     2 |     2 ||     4
 Armour: Skin              |     1 |    51 |     5 ||    57
  Dodge: Dodged            |    33 |    48 |    26 ||   107

Table legend: (Time is in decaauts)
 A = Elapsed time spent in this place.
 B = Non-inter-level travel time spent in this place.
 C = Inter-level travel time spent in this place.
 D = Time resting spent in this place.
 E = Time spent auto-exploring this place.
 F = Levels seen in this place.
 G = Mean time per level.
                   A        B        C        D        E       F      G
               +--------+--------+--------+--------+--------+-----+--------+
         Total |   5070 |   4905 |    165 |   1733 |   2536 |   5 | 1014.0 |
       Dungeon |   5070 |   4905 |    165 |   1733 |   2536 |   5 | 1014.0 |
               +--------+--------+--------+--------+--------+-----+--------+

Top non-repeatable levels by time:
     D:4: 1719 daAuts
     D:3: 1550 daAuts
     D:2: 981 daAuts
     D:1: 767 daAuts
     D:5: 50 daAuts
